[ AOE2 MATCH · #485111500 ]
UnrankedPortuguese vs Dravidians
Player's team · LOSS
[ REPLAY ANALYSIS · EXTRACTED FROM THE RECORDED GAME ]
Feudal
8:53
Castle
—
Imperial
—
| APM avg | 80.6 |
| APM peak | 123 |
| eAPM avg | 29.4 |
| Villagers / military | 57 / 57 |
Focus
⚔️ 41.0% · 🌾 59.0%
Scout Cavalry ×22 · Archer ×17 · Skirmisher ×17 · Spearman ×1
Feudal
9:20
Castle
24:38
Imperial
—
| APM avg | 144.0 |
| APM peak | 221 |
| eAPM avg | 84.9 |
| Villagers / military | 71 / 66 |
Focus
⚔️ 78.9% · 🌾 21.1%
Skirmisher ×38 · Militia ×16 · Spearman ×10 · Archer ×2
Match map
Initial resources + every placement click. Lines = walls · curves = elevation contours. ◆ gold · ⬟ stone · ● berries · ✦ relic · ◌ wall gap
Your base· Open — unwalled flank
VIT | Hera's base· Open — unwalled flank
Smoothed initial terrain · ◌ = detected wall gap · hover for details
Inputs per minute
— CC - - VIT | Hera
Build order — CC
First 150 of 200 actions detected
| 0:00 | Create | Villager (Male) |
| 0:01 | Create | Villager (Male) |
| 0:02 | Build | House |
| 0:02 | Build | House |
| 0:06 | Create | Villager (Male) |
| 0:06 | Create | Villager (Male) |
| 0:06 | Create | Villager (Male) |
| 1:09 | Create | Villager (Male) |
| 1:52 | Create | Villager (Male) |
| 1:52 | Create | Villager (Male) |
| 2:25 | Create | Villager (Male) |
| 2:25 | Create | Villager (Male) |
| 3:02 | Build | Lumber Camp |
| 3:08 | Create | Villager (Male) |
| 3:10 | Create | Villager (Male) |
| 3:11 | Create | Villager (Male) |
| 3:21 | Create | Villager (Male) |
| 4:00 | Build | House |
| 4:09 | Create | Villager (Male) |
| 4:31 | Create | Villager (Male) |
| 4:38 | Create | Villager (Male) |
| 5:18 | Build | Mill |
| 5:48 | Create | Villager (Male) |
| 6:18 | Create | Villager (Male) |
| 6:37 | Research | Feudal Age |
| 6:37 | Research | Feudal Age |
| 6:37 | Research | Feudal Age |
| 7:03 | Research | Loom |
| 7:03 | Research | Loom |
| 7:11 | Build | Mining Camp |
| 7:15 | Build | Mining Camp |
| 7:27 | Create | Villager (Male) |
| 7:36 | Build | House |
| 7:53 | Build | Palisade Wall |
| 7:54 | Build | Palisade Wall |
| 7:55 | Build | Palisade Wall |
| 8:08 | Build | Barracks |
| 8:53 | Age | Feudal Age |
| 9:03 | Build | Archery Range |
| 9:05 | Create | Spearman |
| 9:11 | Research | Double-Bit Axe |
| 9:12 | Research | Double-Bit Axe |
| 9:15 | Create | Villager (Male) |
| 9:40 | Build | House |
| 9:44 | Create | Archer |
| 9:44 | Create | Archer |
| 9:53 | Build | House |
| 9:55 | Build | Palisade Wall |
| 9:56 | Build | Palisade Wall |
| 10:04 | Create | Villager (Male) |
| 10:05 | Create | Archer |
| 10:11 | Build | House |
| 10:13 | Build | Palisade Wall |
| 10:17 | Create | Villager (Male) |
| 10:33 | Build | Blacksmith |
| 10:37 | Build | House |
| 10:41 | Build | Palisade Wall |
| 10:42 | Build | Palisade Wall |
| 10:58 | Create | Villager (Male) |
| 11:01 | Create | Villager (Male) |
| 11:05 | Build | Palisade Wall |
| 11:15 | Build | Palisade Wall |
| 11:18 | Create | Archer |
| 11:32 | Research | Fletching |
| 11:32 | Research | Fletching |
| 11:34 | Create | Villager (Male) |
| 11:36 | Build | Farm |
| 11:37 | Build | Farm |
| 11:41 | Build | Farm |
| 11:50 | Create | Villager (Male) |
| 11:51 | Build | Farm |
| 12:02 | Create | Villager (Male) |
| 12:11 | Create | Archer |
| 12:30 | Create | Villager (Male) |
| 12:31 | Create | Archer |
| 12:47 | Build | Stable |
| 13:10 | Create | Villager (Male) |
| 13:10 | Create | Archer |
| 13:13 | Build | Farm |
| 13:15 | Build | Farm |
| 13:22 | Build | House |
| 13:30 | Create | Archer |
| 13:39 | Build | Farm |
| 13:41 | Create | Scout Cavalry |
| 13:41 | Create | Scout Cavalry |
| 13:48 | Build | Farm |
| 13:56 | Create | Villager (Male) |
| 14:01 | Build | Palisade Wall |
| 14:21 | Create | Villager (Male) |
| 14:24 | Create | Scout Cavalry |
| 14:32 | Build | Farm |
| 14:40 | Build | Farm |
| 14:45 | Create | Archer |
| 14:52 | Create | Villager (Male) |
| 14:56 | Create | Villager (Male) |
| 15:07 | Create | Villager (Male) |
| 15:25 | Create | Villager (Male) |
| 15:37 | Create | Villager (Male) |
| 15:37 | Create | Archer |
| 15:42 | Build | Farm |
| 15:48 | Create | Villager (Male) |
| 15:48 | Create | Archer |
| 15:50 | Build | Farm |
| 15:50 | Build | Farm |
| 15:59 | Build | Farm |
| 16:01 | Create | Scout Cavalry |
| 16:01 | Create | Scout Cavalry |
| 16:04 | Build | Farm |
| 16:21 | Create | Scout Cavalry |
| 16:26 | Build | Farm |
| 16:31 | Build | Farm |
| 16:36 | Build | Farm |
| 16:37 | Build | House |
| 16:46 | Create | Scout Cavalry |
| 16:48 | Create | Scout Cavalry |
| 17:02 | Create | Villager (Male) |
| 17:18 | Build | Stable |
| 17:23 | Create | Archer |
| 17:27 | Create | Villager (Male) |
| 17:36 | Create | Villager (Male) |
| 17:48 | Create | Archer |
| 17:52 | Research | Horse Collar |
| 18:00 | Build | Palisade Wall |
| 18:05 | Create | Scout Cavalry |
| 18:05 | Create | Scout Cavalry |
| 18:09 | Build | House |
| 18:55 | Create | Villager (Male) |
| 18:56 | Create | Archer |
| 19:07 | Create | Scout Cavalry |
| 19:10 | Create | Villager (Male) |
| 19:11 | Create | Archer |
| 19:31 | Create | Villager (Male) |
| 19:33 | Build | Mill |
| 19:39 | Create | Scout Cavalry |
| 19:44 | Build | Archery Range |
| 19:50 | Build | Farm |
| 19:51 | Build | Farm |
| 20:02 | Build | Farm |
| 20:05 | Create | Scout Cavalry |
| 20:05 | Create | Scout Cavalry |
| 20:07 | Create | Archer |
| 20:18 | Build | Farm |
| 20:28 | Create | Archer |
| 20:29 | Create | Villager (Male) |
| 20:44 | Create | Scout Cavalry |
| 20:47 | Create | Villager (Male) |
| 20:49 | Create | Scout Cavalry |
| 20:52 | Build | House |
| 21:16 | Create | Villager (Male) |
| 21:19 | Create | Skirmisher |
Build order — VIT | Hera
First 150 of 251 actions detected
| 0:00 | Create | Villager (Male) |
| 0:01 | Create | Villager (Male) |
| 0:01 | Create | Villager (Male) |
| 0:01 | Create | Villager (Male) |
| 0:02 | Build | House |
| 0:02 | Build | House |
| 1:23 | Create | Villager (Male) |
| 1:46 | Build | Lumber Camp |
| 2:01 | Create | Villager (Male) |
| 2:01 | Create | Villager (Male) |
| 2:03 | Create | Villager (Male) |
| 2:03 | Create | Villager (Male) |
| 2:37 | Create | Villager (Male) |
| 2:37 | Create | Villager (Male) |
| 3:09 | Create | Villager (Male) |
| 3:35 | Create | Villager (Male) |
| 3:35 | Create | Villager (Male) |
| 3:50 | Build | House |
| 4:07 | Create | Villager (Male) |
| 4:12 | Create | Villager (Male) |
| 4:12 | Create | Villager (Male) |
| 4:44 | Create | Villager (Male) |
| 4:45 | Create | Villager (Male) |
| 5:07 | Build | Barracks |
| 5:09 | Create | Villager (Male) |
| 5:09 | Create | Villager (Male) |
| 5:09 | Create | Villager (Male) |
| 5:17 | Create | Villager (Male) |
| 6:07 | Build | Palisade Wall |
| 6:08 | Build | Palisade Wall |
| 6:10 | Build | Palisade Wall |
| 6:11 | Build | Palisade Wall |
| 6:12 | Build | Palisade Wall |
| 6:13 | Build | Palisade Wall |
| 6:14 | Build | Palisade Wall |
| 6:14 | Create | Villager (Male) |
| 6:15 | Build | Palisade Wall |
| 6:16 | Create | Villager (Male) |
| 6:28 | Create | Villager (Male) |
| 6:45 | Research | Loom |
| 7:06 | Build | Mill |
| 7:09 | Research | Feudal Age |
| 7:09 | Research | Feudal Age |
| 7:12 | Create | Militia |
| 7:12 | Create | Militia |
| 7:12 | Create | Militia |
| 7:14 | Build | House |
| 8:01 | Build | Mining Camp |
| 8:24 | Build | Farm |
| 8:36 | Create | Militia |
| 8:36 | Create | Militia |
| 8:38 | Build | House |
| 9:02 | Create | Villager (Male) |
| 9:20 | Age | Feudal Age |
| 9:21 | Create | Villager (Male) |
| 9:24 | Build | Archery Range |
| 9:25 | Research | Man-at-Arms (upgrade) |
| 9:25 | Research | Man-at-Arms (upgrade) |
| 9:30 | Build | Farm |
| 9:32 | Build | Farm |
| 9:34 | Research | Double-Bit Axe |
| 10:03 | Create | Villager (Male) |
| 10:04 | Build | Farm |
| 10:16 | Build | House |
| 10:17 | Build | House |
| 10:18 | Create | Skirmisher |
| 10:19 | Build | Palisade Wall |
| 10:21 | Build | Palisade Wall |
| 10:24 | Create | Villager (Male) |
| 10:37 | Build | Farm |
| 10:51 | Create | Villager (Male) |
| 11:02 | Create | Skirmisher |
| 11:06 | Build | House |
| 11:07 | Build | House |
| 11:16 | Build | Farm |
| 11:23 | Create | Villager (Male) |
| 11:23 | Create | Militia |
| 11:27 | Create | Skirmisher |
| 11:47 | Create | Skirmisher |
| 12:06 | Create | Villager (Male) |
| 12:09 | Create | Villager (Male) |
| 12:10 | Build | Blacksmith |
| 12:22 | Create | Skirmisher |
| 12:22 | Create | Skirmisher |
| 12:22 | Create | Archer |
| 12:32 | Create | Villager (Male) |
| 12:45 | Create | Villager (Male) |
| 12:52 | Build | Farm |
| 12:53 | Build | Farm |
| 13:08 | Create | Villager (Male) |
| 13:14 | Create | Skirmisher |
| 13:17 | Research | Fletching |
| 13:18 | Research | Fletching |
| 13:19 | Build | Farm |
| 13:20 | Build | Farm |
| 13:21 | Create | Villager (Male) |
| 13:21 | Create | Villager (Male) |
| 13:34 | Create | Militia |
| 13:38 | Build | Farm |
| 13:45 | Create | Skirmisher |
| 13:54 | Create | Villager (Male) |
| 13:54 | Create | Villager (Male) |
| 14:00 | Build | House |
| 14:01 | Build | House |
| 14:16 | Create | Villager (Male) |
| 14:30 | Create | Villager (Male) |
| 14:34 | Create | Militia |
| 14:35 | Create | Skirmisher |
| 14:36 | Build | Farm |
| 14:37 | Build | Farm |
| 14:49 | Create | Skirmisher |
| 14:54 | Build | Palisade Gate |
| 15:00 | Build | Palisade Gate |
| 15:09 | Create | Villager (Male) |
| 15:14 | Build | Palisade Gate |
| 15:16 | Build | Palisade Gate |
| 15:20 | Build | House |
| 15:22 | Build | House |
| 15:25 | Build | House |
| 15:27 | Build | Palisade Wall |
| 15:28 | Create | Villager (Male) |
| 15:29 | Build | House |
| 15:33 | Create | Skirmisher |
| 15:36 | Create | Villager (Male) |
| 15:39 | Build | Farm |
| 15:40 | Build | Farm |
| 15:40 | Create | Villager (Male) |
| 15:48 | Create | Militia |
| 15:55 | Build | Farm |
| 16:00 | Create | Skirmisher |
| 16:01 | Create | Villager (Male) |
| 16:08 | Create | Militia |
| 16:12 | Build | Lumber Camp |
| 16:25 | Research | Padded Archer Armor |
| 16:26 | Create | Skirmisher |
| 16:42 | Create | Militia |
| 16:42 | Create | Militia |
| 16:42 | Create | Militia |
| 16:44 | Create | Villager (Male) |
| 16:44 | Create | Villager (Male) |
| 16:46 | Build | Farm |
| 16:47 | Build | Farm |
| 17:00 | Create | Villager (Male) |
| 17:12 | Create | Militia |
| 17:16 | Build | Farm |
| 17:18 | Build | Farm |
| 17:18 | Build | Farm |
| 17:18 | Build | Farm |
| 17:19 | Build | Farm |
| 17:31 | Create | Militia |
Match timeline
| 5:07 | VIT | Hera · first_building Barracks |
| 6:07 | VIT | Hera · wall_segment Palisade Wall x1 |
| 6:08 | VIT | Hera · wall_segment Palisade Wall x1 |
| 6:10 | VIT | Hera · wall_segment Palisade Wall x1 |
| 6:11 | VIT | Hera · wall_segment Palisade Wall x1 |
| 6:12 | VIT | Hera · wall_segment Palisade Wall x1 |
| 6:13 | VIT | Hera · wall_segment Palisade Wall x1 |
| 6:14 | VIT | Hera · wall_segment Palisade Wall x1 |
| 6:15 | VIT | Hera · wall_segment Palisade Wall x1 |
| 7:53 | CC · wall_segment Palisade Wall x1 |
| 7:54 | CC · wall_segment Palisade Wall x1 |
| 7:55 | CC · wall_segment Palisade Wall x1 |
| 8:08 | CC · first_building Barracks |
| 8:53 | CC · age_up feudal |
| 9:03 | CC · first_building Archery Range |
| 9:20 | VIT | Hera · age_up feudal |
| 9:24 | VIT | Hera · first_building Archery Range |
| 9:55 | CC · wall_segment Palisade Wall x1 |
| 9:56 | CC · wall_segment Palisade Wall x1 |
| 10:13 | CC · wall_segment Palisade Wall x1 |
| 10:19 | VIT | Hera · wall_segment Palisade Wall x1 |
| 10:21 | VIT | Hera · wall_segment Palisade Wall x1 |
| 10:41 | CC · wall_segment Palisade Wall x1 |
| 10:42 | CC · wall_segment Palisade Wall x1 |
| 11:05 | CC · wall_segment Palisade Wall x2 |
| 11:15 | CC · wall_segment Palisade Wall x1 |
| 12:47 | CC · first_building Stable |
| 14:01 | CC · wall_segment Palisade Wall x1 |
| 15:27 | VIT | Hera · wall_segment Palisade Wall x1 |
| 18:00 | CC · wall_segment Palisade Wall x1 |
| 24:38 | VIT | Hera · age_up castle |
| 25:30 | VIT | Hera · first_market_sell 100 food |
| 25:57 | CC · first_market_sell 500 wood |
| 25:59 | CC · first_market_buy 100 food |
| 27:35 | CC · resign |
[ AI ANALYSIS · 1 CREDIT ]
What really happened in this match?
Wolo.gg analyzes every decision: build order, eco, micro, common mistakes by bracket. Personalized analysis on WhatsApp or Discord in 30 seconds.
Civ guide
Portuguese
Perfil
Jugador #10748832